Steven, neutral male human Tourist --------- |$$$$$$.| |$$$.$$.| |$$$$$I%| |$$$$$.@| |.$$$.I.| --------- Steven the Excursionist Experience level: 7 Strength: 9 Dexterity: 9 Constitution: 17 Intelligence: 13 Wisdom: 13 Charisma: 18 Health: 0(68) Energy: 30(30) AC: 6 Gold: 399 Moves: 2887 Your Inventory: Coins $ - 399 gold pieces Weapons a - 25 uncursed +2 darts (in quiver) H - an [uncursed] rustproof [+1] long sword named Vorpal Blade [Vorpal Blade] (weapon in hand) P - an [uncursed +0] runed dagger [elven] Armor l - an uncursed +0 Hawaiian shirt (being worn) r - an [uncursed] +0 apron [alchemy smock] (being worn) t - an uncursed +0 pair of high boots (being worn) J - an [uncursed] +0 iron skull cap [orcish helm] (being worn) Comestibles c - 2 uncursed food rations d - an uncursed cream pie g - an uncursed cram ration h - an uncursed tripe ration Scrolls j - a blessed scroll of magic mapping k - 3 uncursed scrolls of magic mapping o - an uncursed scroll of charging I - an [uncursed] scroll of blank paper Spellbooks x - an [uncursed] spellbook of slow monster Potions i - an uncursed potion of extra healing u - an uncursed potion of monster detection y - an uncursed potion of water z - an uncursed potion of see invisible A - an uncursed potion of gain ability V - an [uncursed] sky blue potion [of fruit juice] Rings D - an uncursed +2 ring of increase damage (on right hand) U - a blessed +5 ring of gain wisdom (on left hand) Wands s - an [uncursed] wand of enlightenment [0:10] X - an [uncursed] copper wand [of nothing (0:5)] Y - an [uncursed] wand of speed monster [0:2] Tools m - an uncursed expensive camera (0:53) n - an uncursed credit card B - an [uncursed oil] lamp C - an [uncursed] towel M - 3 [uncursed wax] candles Gems q - an uncursed worthless piece of yellowish brown glass Spells known in the end: Name Level Category Fail Memory a - slow monster 2 enchantment 96% [||||||||] Your skills at the end: Fighting Skills Weapon Skills dart [Basic / Expert] Spellcasting Skills Final Attributes: You were piously aligned. Hunger level was 472. Your alignment was 22 / 24. Monster difficulty range was 1 - 7. Level difficulty was 7. You were immune to poison. You were immune to acid. You were blinded. You had wounded legs. You were aware of the presence of jabberwocks. You were held by an owlbear. You had a +2 damage bonus. You were fast. Your luck was zero. You are dead. Vanquished creatures: a quivering blob a wolf a leprechaun a giant spider a brown pudding a wood nymph an orc shaman a rock piercer a rock mole a fog cloud a yellow light a wax golem 2 giant ants a little dog a homunculus a werejackal 5 iguanas 2 coyotes a gas spore a hobbit 3 manes 2 hobgoblins a cave spider a red mold a gnome 3 gnome zombies 3 geckos 8 jackals 2 kobolds a goblin a sewer rat 2 grid bugs 3 lichens 2 kobold zombies 7 newts 66 creatures vanquished. Voluntary challenges: You used a wielded weapon 34 times. You read items or engraved 6 times. You put on armor 15 times. You never genocided any monsters. You never polymorphed an object. You changed form 3 times. You used no wishes. You wrote Elbereth's name 1 time. You never encountered a bones level. You never used any Sokoban shortcuts. Dungeon overview: The Dungeons of Doom: levels 1 to 7 Level 1 a long staircase Level 3 a general store, some altars Level 4 a fountain Level 5 a general store Level 6 many fountains Level 7 <- You were here History has recorded: On T:1 you entered the Dungeons of Doom to retrieve the Amulet of Yendor! On T:302 you advanced to experience level 2. On T:466 you reached level 2 of The Dungeons of Doom. On T:659 you reached level 3 of The Dungeons of Doom. On T:746 you advanced to experience level 3. On T:916 you advanced to experience level 4. On T:1088 you received Vorpal Blade from The Lady. On T:1092 you advanced to experience level 5. On T:1490 you reached level 4 of The Dungeons of Doom. On T:2094 you advanced to experience level 6. On T:2127 you reached level 5 of The Dungeons of Doom. On T:2636 you reached level 6 of The Dungeons of Doom. On T:2727 you received advice from The Oracle. On T:2727 you advanced to experience level 7. On T:2881 you reached level 7 of The Dungeons of Doom. Latest messages: The orc shaman points at you, then curses. The hobbit throws a runed dagger! The runed dagger hits the lizard! The dwarf picks up some gold. The water nymph hurls an orange potion! The orange potion misses the rock piercer. The bottle crashes on the lizard's head and breaks into shards. The orange potion evaporates. The lizard falls asleep. The rock mole eats 17 gold pieces! You miss the cave spider. You kill the cave spider! The yellow light explodes! You are blinded by a blast of light! You hear a mumbled curse. You hear some noises. Wait! There's something there you can't see! You hear a mumbled curse. It bites! It hits! (2x) It grabs you! You die... Final status: Aloha Steven the Tourist... You died in The Dungeons of Doom on dungeon level 7 with 2190 points, and 399 pieces of gold, after 2887 moves. You were level 7 with a maximum of 68 hit points when you died.